cohdb
Replays
Latest Replays
All Replays
Popular Replays
Top Player Replays
Match Explorer
How It Works
Community
CoH3 Stats
Reddit
Sign in to upload your games and track your stats! →
Sign in with Steam
Match 39195672
Unlisted
Match 39195672
Overview
Messages
Build Orders
End
Scout Squad
Construct Barracks
Selects Armored Battlegroup
Selects Armored Battlegroup
Selects Armored Battlegroup
Selects Veteran Crews
Riflemen Squad
1⁄4-ton 4x4 Truck
Riflemen Squad
Grenade Package
Mechanized Support Center
Construct Weapon Support Center
M3 Armored Personnel Carrier
Selects M31 Recovery Vehicle
Construct Medical Station
Construct Medical Station
Construct Medical Station
Riflemen Squad
Bazooka Squad
Selects War Machine
STALKER4732
Riacu
badger2
zxcv
哦嗦嘎达
打飞医保卡
Mr Freemon
BladesofD00m
0
0
Comments
sign in to comment!
No comments posted yet!